 Dungeon Crawl Stone Soup version 0.19.5 (webtiles) character file.

5416 Rester5115 the Blocker (level 10, -11/86 HPs)
             Began as a Minotaur Fighter on Mar 27, 2017.
             Was a Priest of Yredelemnul.
             Killed from afar by an electric eel (14 damage)
             ... with a bolt of electricity
             ... on level 9 of the Dungeon.
             The game lasted 00:34:22 (10270 turns).

Rester5115 the Blocker (Minotaur Fighter)          Turns: 10270, Time: 00:34:22

Health: -11/86     AC: 11    Str: 25    XL:     10   Next: 40%
Magic:  11/11      EV:  8    Int:  5    God:    Yredelemnul [***...]
Gold:   547        SH: 15    Dex:  9    Spells: 0 memorised, 9 levels left

rFire  . . .     SeeInvis .     j - +3 long sword (slice)
rCold  + . .     Gourm    .     M - +2 scale mail {rPois}
rNeg   + . .     Faith    .     c - +4 shield
rPois  +         Spirit   .     (helmet restricted)
rElec  .         Reflect  .     (no cloak)
rCorr  .         Harm     .     E - +0 pair of gloves
MR     .....                    (no boots)
Stlth  ..........               I - amulet of rage
                                z - ring of protection from cold
                                F - ring of positive energy

@: no status effects
A: retaliatory headbutt, horns 2
a: Recall Undead Slaves, Injury Mirror, Animate Dead, Renounce Religion, Evoke
Berserk Rage


You were on level 9 of the Dungeon.
You worshipped Yredelemnul.
Yredelemnul was most pleased with you.
You were not hungry.

You visited 1 branch of the dungeon, and saw 9 of its levels.

You collected 547 gold pieces.

Inventory:

Hand Weapons
 a - a +0 war axe
 j - a +3 long sword of slicing (weapon)
 v - a +0 club
 w - a +1 scythe of pain
 K - a +2 long sword of slicing
Armour
 b - a +0 scale mail
 c - a +4 shield (worn)
 e - a +3 leather armour
 h - a +0 plate armour
 k - a +2 leather armour of poison resistance
 E - a +0 pair of gloves (worn)
 H - a +0 helmet of intelligence
 J - a +0 large shield
 M - a +2 scale mail of poison resistance (worn)
Magical Staves
 O - an uncursed staff of earth {unknown}
Jewellery
 z - a ring of protection from cold (right hand)
 F - a ring of positive energy (left hand)
 I - an amulet of rage (around neck)
Wands
 t - a wand of digging (19/24)
 Q - a wand of lightning (8/15)
Scrolls
 f - 2 scrolls of teleportation
 i - a scroll of fear
 m - 2 scrolls of remove curse
 n - a scroll of noise {unknown}
 s - 2 scrolls of amnesia
 x - 2 scrolls of recharging
 y - 2 scrolls of blinking
 C - 2 scrolls of magic mapping
Potions
 d - a potion of lignification {unknown}
 g - 4 potions of curing
 l - a potion of berserk rage {unknown}
 o - 2 potions of brilliance {unknown}
 p - a potion of flight {unknown}
 r - 2 potions of cancellation {unknown}
 u - a potion of ambrosia
 A - a potion of magic {unknown}
 B - a potion of degeneration {unknown}
Books
 D - a book of Necromancy

   Spells                             Type                      Level
   a - Pain                           Necromancy                   1
   b - Animate Skeleton               Necromancy                   1
   c - Vampiric Draining              Necromancy                   3
   d - Regeneration                   Charms/Necromancy            3
   e - Animate Dead                   Necromancy                   4
   f - Control Undead                 Necromancy                   4
 N - a book of Geomancy

   Spells                             Type                      Level
   a - Sandblast                      Earth                        1
   b - Passwall                       Transmutation/Earth          2
   c - Stone Arrow                    Conjuration/Earth            3
   d - Petrify                        Transmutation/Earth          4
   e - Lee's Rapid Deconstruction     Earth                        5
Miscellaneous
 L - a crystal ball of energy
Comestibles
 q - a royal jelly
 G - a slice of pizza
 P - a bread ration


   Skills:
 + Level 7.5 Fighting
 + Level 8.7 Long Blades
 - Level 6.3(7.6) Axes
 - Level 6.4(7.6) Polearms
 + Level 8.3 Armour
 + Level 9.1 Shields
 * Level 3.7 Invocations


You had 9 spell levels left.
You didn't know any spells.

Dungeon Overview and Level Annotations

Branches:
Dungeon (9/15)             Temple (0/1) D:6            Lair (0/6) D:9
    Orc: D:9-12

Altars:
Fedhas
Gozag
Makhleb
Sif Muna
Yredelemnul

Shops:
D:5 [!   D:6 =


Innate Abilities, Weirdness & Mutations

You reflexively headbutt those who attack you in melee.
You have a pair of horns on your head.


Message History

The electric eel shoots out a bolt of lightning at you!
The bolt of electricity hits the plant.
The bolt of electricity hits you!
You barely miss the electric eel.
The electric eel is severely wounded.
The electric eel shoots out a bolt of lightning at you!
The bolt of electricity hits the plant.
The bolt of electricity hits you!
* * * LOW HITPOINT WARNING * * *
The electric eel shoots out a bolt of lightning at you!
The bolt of electricity hits you!
* * * LOW HITPOINT WARNING * * *
The electric eel shoots out a bolt of lightning at you!
The bolt of electricity hits you!
* * * LOW HITPOINT WARNING * * *
The electric eel shoots out a bolt of lightning at you!
The bolt of electricity misses you. The bolt of electricity hits you!
* * * LOW HITPOINT WARNING * * *
The electric eel shoots out a bolt of lightning at you!
The bolt of electricity hits you!
You die...
Your body rises from the dead as a mindless zombie.

............#####≈######.#####
...........##≈≈≈##≈)...##.....
+###########≈≈(;≈######≈##....
#≈$.?(##≈≈≈##≈#####
#≈P≈P.#;;≈≈≈#≈# #.;.PP#.?$.≈#≈#
#.....#.P.;?#≈#..#
#.....#P...P#≈#..#
###@..##.....#.#..#
#..#####.....#.#..#
##..≈≈≈##'..##.#..#
######≈..####≈##..#
#....###...≈≈##...#
#...#############'##
##########+###...#...............
............#....#.####.....#.>..
............#....#...............


You could see 2 electric eels.

Vanquished Creatures
  A wolf spider (D:8)
  A two-headed ogre (D:8)
  Grinder (D:3)
  Prince Ribbit (D:7)
  A hippogriff (D:8)
  Sigmund (D:3)
  A wraith (D:9)
  Eustachio (D:4)
  2 sky beasts
  3 orc warriors
  A black bear (D:8)
  4 phantoms
  2 ogres
  2 centaurs
  A big kobold (D:8)
  Blork the orc (D:4)
  3 bullfrogs
  2 gnoll sergeants
  A scorpion (D:6)
  8 wights
  An electric eel (D:9)
  6 crimson imps
  2 howler monkeys (D:8)
  A bullfrog zombie (D:5)
  A centaur zombie (D:7)
  2 hounds
  2 jellies (D:6)
  9 orc priests
  A centaur skeleton (D:8)
  8 orc wizards
  Ijyb (D:3)
  2 iguanas
  Natasha (thrice) (D:4)
  5 worker ants
  A hound zombie (D:6)
  A hound skeleton (D:7)
  8 adders
  A shadow imp (D:5)
  2 oozes
  An adder zombie (D:9)
  An adder skeleton (D:7)
  A worm (shapeshifter) (D:8)
  2 worms
  A dart slug (D:1)
  6 leopard geckos
  37 orcs
  10 bats
  8 giant cockroaches
  11 goblins
  7 hobgoblins
  8 jackals
  4 quokkas
  4 frilled lizards
  16 kobolds
  A leopard gecko zombie (D:5)
  2 quokka zombies
  8 rats
223 creatures vanquished.

Vanquished Creatures (collateral kills)
  An orc warrior (D:8)
  An ogre (D:7)
  A bullfrog (D:8)
  A howler monkey (D:8)
  2 hounds
  An orc wizard (D:8)
  An adder (D:8)
  2 orcs (D:8)
  A jackal (D:8)
  A kobold (D:8)
12 creatures vanquished.

Vanquished Creatures (others)
  A two-headed ogre zombie (D:8)
  2 bullfrog zombies
  A big kobold zombie (D:8)
  2 howler monkey zombies (D:8)
  2 jackal zombies (D:8)
  9 orc zombies
17 creatures vanquished.

Grand Total: 252 creatures vanquished

Notes
Turn   | Place    | Note
-------+----------+-------------------------------------------
     0 | D:1      | Rester5115 the Minotaur Fighter began the quest for the Orb.
     0 | D:1      | Reached XP level 1. HP: 19/19 MP: 0/0
   232 | D:1      | Reached XP level 2. HP: 24/27 MP: 1/1
   738 | D:2      | Reached XP level 3. HP: 33/33 MP: 2/2
  1342 | D:3      | Noticed Grinder
  1347 | D:3      | Paralysed by Grinder for 4 turns
  1354 | D:3      | Reached skill level 4 in Shields
  1361 | D:3      | Paralysed by Grinder for 2 turns
  1365 | D:3      | Killed Grinder
  1365 | D:3      | Reached skill level 5 in Axes
  1365 | D:3      | Reached skill level 5 in Armour
  1365 | D:3      | Reached XP level 4. HP: 19/41 MP: 3/3
  1365 | D:3      | Reached XP level 5. HP: 21/47 MP: 4/4
  1556 | D:3      | Found a faded altar of an unknown god.
  1708 | D:3      | Reached XP level 6. HP: 55/55 MP: 5/5
  1711 | D:3      | Reached skill level 5 in Fighting
  1948 | D:3      | Noticed Ijyb
  1956 | D:3      | Killed Ijyb
  1962 | D:3      | Reached skill level 5 in Shields
  2075 | D:3      | Noticed Sigmund
  2087 | D:3      | Killed Sigmund
  2356 | D:3      | Reached XP level 7. HP: 48/61 MP: 6/6
  2856 | D:4      | Noticed Natasha
  2869 | D:4      | Killed Natasha
  2869 | D:4      | Reached skill level 1 in Polearms
  3349 | D:4      | Noticed Natasha
  3353 | D:4      | Killed Natasha
  3370 | D:4      | Noticed Natasha
  3373 | D:4      | Killed Natasha
  3416 | D:4      | Noticed Eustachio
  3429 | D:4      | Killed Eustachio
  3981 | D:4      | Reached skill level 5 in Polearms
  4135 | D:4      | Noticed Blork the orc
  4147 | D:4      | Killed Blork the orc
  4147 | D:4      | Reached XP level 8. HP: 47/69 MP: 7/7
  4732 | D:5      | Entered Level 5 of the Dungeon
  4818 | D:5      | Found a basalt altar of Yredelemnul.
  4822 | D:5      | Found an opulent altar of Gozag.
  4823 | D:5      | Found a blossoming altar of Fedhas.
  4823 | D:5      | Found a deep blue altar of Sif Muna.
  4833 | D:5      | Became a worshipper of Yredelemnul the Dark
  4997 | D:5      | Found Nuaq's Distillery.
  5522 | D:5      | Found Paeqil's Armour Shop.
  6117 | D:5      | Reached skill level 1 in Long Blades
  6330 | D:6      | Reached skill level 6 in Shields
  6439 | D:6      | Found Qetuud's Jewellery Boutique.
  6442 | D:6      | Reached * piety under Yredelemnul
  6554 | D:6      | Found a staircase to the Ecumenical Temple.
  6621 | D:6      | Found a burning altar of Makhleb.
  6923 | D:6      | Reached XP level 9. HP: 78/78 MP: 8/8
  7335 | D:6      | Reached skill level 5 in Long Blades
  7767 | D:7      | Reached ** piety under Yredelemnul
  7767 | D:7      | Reached skill level 7 in Shields
  7851 | D:7      | Reached skill level 1 in Invocations
  8404 | D:7      | Noticed Prince Ribbit
  8410 | D:7      | Killed Prince Ribbit
  8876 | D:8      | Reached skill level 8 in Shields
  8937 | D:8      | Reached XP level 10. HP: 86/86 MP: 10/10
  8944 | D:8      | Reached *** piety under Yredelemnul
  9572 | D:8      | Found a runed door.
  9572 | D:8      | Noticed an ogre mage
  9572 | D:8      | Noticed a wolf spider
  9574 | D:8      | Noticed a centaur warrior
  9574 | D:8      | Noticed a green very ugly thing
  9574 | D:8      | Noticed an ogre mage
  9623 | D:8      | Killed a wolf spider
  9623 | D:8      | Reached skill level 9 in Shields
  9962 | D:9      | Found a staircase to the Lair.
 10269 | D:9      | HP: 2/86 [electric eel/bolt of electricity (9)]
 10270 | D:9      | Killed from afar by an electric eel

Skill      XL: |  1  2  3  4  5  6  7  8  9 10 |
---------------+-------------------------------+-----
Fighting       | 4 5 6 7 |  7.5
Armour         | 4 5 6 7 8 |  8.3
Axes           | 5 6 |  6.3
Shields        | 4 5 6 8 9 |  9.1
Polearms       | 5 6 |  6.4
Long Blades    | 4 8 |  8.7
Invocations    | 2 3 |  3.7

Action                   |  1- 3 |  4- 6 |  7- 9 | 10-12 || total
-------------------------+-------+-------+-------+-------++-------
Melee: War axe           |   118 |    41 |    45 |       ||   204
       Headbutt          |    15 |     3 |    78 |    17 ||   113
       Scythe            |       |    23 |   138 |       ||   161
       Long sword        |       |       |   257 |    76 ||   333
Invok: Animate Remains   |       |       |     8 |     2 ||    10
       Animate Dead      |       |       |       |     4 ||     4
       Injury Mirror     |       |       |       |     1 ||     1
Evoke: Wand              |       |       |       |     2 ||     2
  Use: Potion            |     1 |     1 |     5 |     1 ||     8
       Scroll            |       |       |    19 |     1 ||    20
  Eat: Bread ration      |     1 |       |     3 |     1 ||     5
       Chunk             |       |       |     4 |     2 ||     6
       Beef jerky        |       |       |     2 |       ||     2
       Meat ration       |       |       |     1 |       ||     1
Armor: Scale mail        |    57 |    33 |   108 |     2 ||   200
       Plate armour      |       |       |    50 |    27 ||    77
Dodge: Dodged            |    39 |    27 |   126 |    17 ||   209
Block: Shield            |    64 |    26 |   195 |    72 ||   357
       Rpst.: Long sword |       |       |    14 |       ||    14
